 Dungeon Crawl Stone Soup version 0.29-a0-838-g385bb11a5b (webtiles) character file.

Game seed: 5433639238653816410

44 blackman the Ruffian (level 3, -2/27 HPs)
             Began as a Human Warper on July 13, 2022.
             Frozen to death by an endoplasm (5 damage)
             ... on level 2 of the Dungeon.
             The game lasted 00:03:44 (2611 turns).

blackman the Ruffian (Human Warper)                 Turns: 2611, Time: 00:03:45

Health: -2/27      AC:  3    Str: 13    XL:     3   Next: 85%
Magic:  6/6        EV: 11    Int: 13    God:
Gold:   55         SH:  0    Dex: 12    Spells: 4/6 levels left

rFire   . . .      SeeInvis .     - Unarmed
rCold   . . .      Faith    .   (no shield)
rNeg    . . .      Spirit   .   a - +0 leather armour
rPois   .          Reflect  .   (no helmet)
rElec   .          Harm     .   (no cloak)
rCorr   .          Rampage  .   (no gloves)
Will    .....                   (no boots)
Stlth   +.........              (no amulet)
HPRegen 0.09/turn               (no ring)
MPRegen 0.10/turn               (no ring)

@: no status effects
A: no striking features
a: no special abilities


You were on level 2 of the Dungeon.
You visited 1 branch of the dungeon, and saw 2 of its levels.

You collected 55 gold pieces.

Inventory:

Missiles
 c - 4 boomerangs of dispersal (quivered)
 g - 8 poisoned darts
Armour
 a - a +0 leather armour (worn)
Jewellery
 d - a ring of positive energy
Scrolls
 b - a scroll of blinking
 f - a scroll of identify
Potions
 e - a potion of resistance


   Skills:
 - Level 2.0 Fighting
 - Level 1.0 Throwing
 - Level 1.0 Armour
 - Level 2.0 Dodging
 + Level 3.9 Unarmed Combat
 - Level 2.0 Spellcasting
 - Level 3.0 Translocations


You had 4 spell levels left.
You knew the following spells:

 Your Spells              Type           Power      Damage    Failure   Level
a - Blink                 Tloc           18%        N/A       14%         2

Your spell library contained the following spells:

 Spells                   Type           Power      Damage    Failure   Level
 Gell's Gravitas          Tloc           9%         N/A       28%         3
 Lesser Beckoning         Tloc           9%         N/A       28%         3
 Teleport Other           Tloc           9%         N/A       28%         3
 Manifold Assault         Tloc           9%         N/A       95%         5


Dungeon Overview and Level Annotations

Branches:
Dungeon (2/15)

Altars:


Message History

You hit the giant cockroach.
You kill the giant cockroach!
You see here a giant cockroach corpse.
There is a stone staircase leading down here.
You start resting.
You flicker for a moment.
You start resting.
You flicker back into view.
You start resting.
You start resting.
You start resting.
HP restored.
You start waiting.
Done waiting.
You climb downwards.
The goblin shouts!
The endoplasm quivers.
Found 4 gold pieces.
There is a stone staircase leading up here.
The endoplasm freezes you.
You are frozen.
You hit the worm.
The worm is lightly wounded.
The endoplasm freezes you.
You are frozen.
The worm bites you.
You barely miss the worm. The endoplasm hits you.
You hit the worm but do no damage. The endoplasm freezes you.
You are frozen.
The worm bites you!
* * * LOW HITPOINT WARNING * * *
You are too injured to fight recklessly!
You are too injured to fight recklessly!
You are too injured to fight recklessly!
The goblin attacks as you move away! The goblin hits you but does no damage.
The endoplasm attacks as you move away! The endoplasm closely misses you.
There is a stone staircase leading up here.
The goblin hits you with a +0 dagger.
* * * LOW HITPOINT WARNING * * *
The endoplasm freezes you.
You are frozen.
You die...

.#.## ##########
S...## #........#
#w<..# #........#
#....#######........#
...†................#
†................$..#
....###### #...w....#
..#....# #...gJ...#
#.#.##.## #....@...#
#.#.##..#############
#.#.......##
#.####..#..# ..#
##.##.# .## #....##
####..## ##..# #..#


You could see a worm, an endoplasm and a goblin.

Vanquished Creatures
  3 dart slugs (D:1)
  3 bats
  3 giant cockroaches (D:1)
  5 goblins
  5 hobgoblins (D:1)
  3 jackals (D:1)
  A quokka (D:2)
  3 ball pythons (D:1)
  3 kobolds (D:1)
  4 rats
33 creatures vanquished.

Notes
Turn   | Place    | Note
-------+----------+-------------------------------------------
     0 | D:1      | blackman the Human Warper began the quest for the Orb.
     0 | D:1      | Reached XP level 1. HP: 16/16 MP: 3/3
     3 | D:1      | Noticed a spriggan
     9 | D:1      | Noticed a troll
    19 | D:1      | Noticed a draconian
   196 | D:1      | Reached XP level 2. HP: 20/22 MP: 5/5
   704 | D:1      | Reached XP level 3. HP: 5/27 MP: 6/6
   996 | D:1      | Learned a level 2 spell: Blink
  2611 | D:2      | Frozen to death by an endoplasm

Illustrated notes

Levels and vault maps discovered:
D:1:      shiori_arrival_whats_in_store_for_you, layout_loops_ring
D:2:      layout_rooms

Skill      XL: |  1  2 |
---------------+-------+-----
Unarmed Combat | 3 |  3.9
Fighting       | |  2.0
Throwing       | |  1.0
Armour         | |  1.0
Dodging        | |  2.0
Spellcasting   | |  2.0
Translocations | |  3.0

Action                   || total
-------------------------++-------
Melee: Unarmed           ||   183
Throw: Boomerang         ||     3
 Cast: Blink             ||     8
  Use: Potion            ||     2
       Scroll            ||     1
Armor: Leather armour    ||    52
Dodge: Dodged            ||   102

Table legend: (Time is in decaauts)
 A = Elapsed time spent in this place.
 B = Non-inter-level travel time spent in this place.
 C = Inter-level travel time spent in this place.
 D = Time resting spent in this place.
 E = Time spent auto-exploring this place.
 F = Levels seen in this place.
 G = Mean time per level.
                   A        B        C        D        E       F      G
               +--------+--------+--------+--------+--------+-----+--------+
         Total |   2600 |   2507 |     93 |    691 |   1411 |   2 | 1300.0 |
       Dungeon |   2600 |   2507 |     93 |    691 |   1411 |   2 | 1300.0 |
               +--------+--------+--------+--------+--------+-----+--------+

Top non-repeatable levels by time:
     D:1: 2443 daAuts
     D:2: 156 daAuts
